 Dungeon Crawl Stone Soup version 0.29.1-1-gd02db6906a (webtiles) character file.

Game seed: 16841803070240248181

3 dave1331 the Ducker (level 1, -2/17 HPs)
             Began as a Ghoul Wanderer on Oct 4, 2022.
             Slain by a goblin
             ... wielding a +0 dagger
              (3 damage)
             ... on level 1 of the Dungeon.
             The game lasted 00:00:19 (130 turns).

dave1331 the Ducker (Ghoul Wanderer)                 Turns: 130, Time: 00:00:20

Health: -2/17      AC:  5    Str: 15    XL:     1   Next: 50%
Magic:  0/0        EV: 12    Int:  5    God:
Gold:   0          SH:  0    Dex: 10    Spells: 0/0 levels left

rFire   . . .      SeeInvis .   a - +1 hand axe
rCold   + . .      Faith    .   (no shield)
rNeg    + + +      Spirit   .   b - +2 leather armour
rPois   ∞          Reflect  .   (no helmet)
rElec   .          Harm     .   (no cloak)
rCorr   .          Rampage  .   (no gloves)
Will    .....                   (no boots)
Stlth   +.........              (no amulet)
HPRegen 0.00/turn               (no ring)
MPRegen 0.07/turn               (no ring)

@: inhibited regen
A: claws 1, cold resistance 1, negative energy resistance 3, inhibited
regeneration, torment resistance 2, devour on kill
a: no special abilities


You were on level 1 of the Dungeon.
You visited 1 branch of the dungeon, and saw 1 of its levels.

Inventory:

Hand Weapons
 a - a +1 hand axe (weapon)
Armour
 b - a +2 leather armour (worn)
Potions
 c - a potion of curing


   Skills:
 + Level 2.1 Fighting
 + Level 1.7 Axes
 + Level 4.6 Dodging
 + Level 1.1 Stealth


You couldn't memorise any spells.
You didn't know any spells.
Your spell library was empty.

Dungeon Overview and Level Annotations

Branches:
Dungeon (1/15)

Altars:


Innate Abilities, Weirdness & Mutations

You are immune to poison.
You have sharp fingernails.
Your flesh is cold resistant. (rC+)
You are immune to negative energy. (rN+++)
You do not regenerate when monsters are visible.
You are immune to unholy pain and torment.
You thrive by killing the living.


Message History

The ball python constricts you.
You barely miss the ball python.
A hobgoblin comes into view.
The ball python bites you but does no damage.
The ball python constricts you.
You barely miss the ball python. The ball python bites you.
The ball python constricts you.
You closely miss the ball python.
The ball python bites you but does no damage.
The ball python constricts you. The ball python bites you.
The ball python constricts you.
You hit the ball python but do no damage.
You barely miss the goblin.
The ball python bites you but does no damage.
The ball python constricts you. The goblin barely misses you.
The hobgoblin misses you.
You closely miss the ball python. You barely miss the goblin.
You barely miss the hobgoblin. The ball python bites you.
The ball python constricts you. The hobgoblin barely misses you.
The goblin hits you but does no damage. The ball python completely misses you.
The ball python constricts you.
You hit the ball python.
The ball python is severely wounded.
You closely miss the goblin. You hit the hobgoblin.
The ball python bites you but does no damage.
The ball python constricts you.
The hobgoblin hits you but does no damage.
The goblin barely misses you.
You escape the ball python's grasp.
The ball python attacks as you move away!
The ball python bites you but does no damage.
The hobgoblin attacks as you move away! The hobgoblin barely misses you.
The goblin hits you but does no damage. The hobgoblin barely misses you.
The goblin attacks as you move away! The goblin hits you with a +0 dagger.
* * * LOW HITPOINT WARNING * * *
The goblin attacks as you move away! The goblin hits you with a +0 dagger.
* * * LOW HITPOINT WARNING * * *
The goblin attacks as you move away! The goblin hits you with a +0 dagger.
You die...

#.#.# #.#### #####.# #.#.#
#.#..#######'### #.#.#
#.#.###.........
#####.#.###.#.# #.........
#..[....†.....# #.........
#.#.###.###.#####...[.....
#.#..........##.........
#.#.#.###g#####.....<...
.......@gS...##.........
.####.####...##......... #
#... #...##......... #..[.
#...##....).... #.
#...##......... ..
....#######+### . #.(.#
#.##. #.# #.


You could see a hobgoblin, a goblin and a ball python.

Vanquished Creatures
  A goblin (D:1)
  3 rats (D:1)
4 creatures vanquished.

Notes
Turn   | Place    | Note
-------+----------+-------------------------------------------
     0 | D:1      | dave1331 the Ghoul Wanderer began the quest for the Orb.
     0 | D:1      | dave1331 set off with the following items: a +1 hand axe, a
                  | +2 leather armour, a potion of curing.
     0 | D:1      | Reached XP level 1. HP: 17/17 MP: 0/0
   130 | D:1      | Slain by a goblin

Illustrated notes

Levels and vault maps discovered:
D:1:      psy_arrival_statuary, layout_loops_ring, minmay_misc_feat_rows,
          minmay_door_square, minmay_misc_feat_more_columns, chequers_big_river,
          amcnicky_mini_corridor_feature, minmay_nonomino_d4

Action                   || total
-------------------------++-------
Melee: Hand axe          ||    16
Armor: Leather armour    ||     9
Dodge: Dodged            ||    19
